 Dungeon Crawl Stone Soup version 0.21.1-1-g345015fe64 (webtiles) character file.

651 JarielCorvus the Slasher (level 7, 0/53 HPs)
             Began as a Vampire Gladiator on July 7, 2018.
             Slain by patthesweetcat's ghost (3 damage)
             ... on level 4 of the Dungeon.
             The game lasted 00:12:00 (2711 turns).

JarielCorvus the Slasher (Vampire Gladiator)        Turns: 2711, Time: 00:12:01

Health: 0/53       AC: 14    Str: 13    XL:     7   Next: 28%
Magic:  7/7        EV:  4    Int: 11    God:
Gold:   209        SH:  0    Dex: 17    Spells: 6/6 levels left

rFire    . . .     SeeInvis +   a - +0 long sword
rCold    . . .     Gourm    .   (no shield)
rNeg     + . .     Faith    .   i - +1 plate armour
rPois    .         Spirit   .   c - +0 helmet
rElec    .         Reflect  .   (no cloak)
rCorr    .         Harm     .   (no gloves)
MR       .....                  k - +0 pair of boots
Stlth    ..........             (no amulet)
HPRegen  0.17/turn              e - ring of fire
MPRegen  0.10/turn              m - ring of ice

@: no status effects
A: fangs 3, see invisible, unbreathing
a: Bat Form


You were on level 4 of the Dungeon.
You were not thirsty.

You visited 1 branch of the dungeon, and saw 4 of its levels.

You collected 209 gold pieces.

Inventory:

Hand Weapons
 a - a +0 long sword (weapon)
 j - a +0 hunting sling
 q - a +0 dagger of venom
 t - a +1 mace of protection
Missiles
 d - 2 throwing nets (quivered)
 u - 4 tomahawks
Armour
 b - a +0 leather armour
 c - a +0 helmet (worn)
 g - a +0 chain mail
 i - a +1 plate armour (worn)
 k - a +0 pair of boots (worn)
Jewellery
 e - a ring of fire (left hand)
 h - an uncursed ring of poison resistance
 m - a ring of ice (right hand)
Scrolls
 f - 2 scrolls of remove curse
 o - a scroll of identify
Potions
 l - 2 potions of curing
 n - a potion of cancellation {unknown}
 p - a potion of might {unknown}
 r - a potion of flight {unknown}
 s - a potion of lignification {unknown}


   Skills:
 * Level 3.7 Fighting
 + Level 5.7 Long Blades
 * Level 3.0 Throwing
 + Level 2.5 Armour
 + Level 3.9 Dodging
 + Level 0.1 Stealth


You had 6 spell levels left.
You didn't know any spells.

Dungeon Overview and Level Annotations

Branches:
Dungeon (4/15)
 Temple: D:4-7

Altars:

Annotations:
D:4 patthesweetcat's ghost, amateur OpFE


Innate Abilities, Weirdness & Mutations

You have razor-sharp teeth.
You have supernaturally acute eyesight. (SInv)
You can survive without breathing.


Message History

Your plate armour prevents you from hitting patthesweetcat's ghost.
Patthesweetcat's ghost is severely damaged.
Patthesweetcat's ghost casts a spell at you.
The flame tongue hits you!
You closely miss patthesweetcat's ghost.
Patthesweetcat's ghost is severely damaged.
Patthesweetcat's ghost stares at you and mumbles some strange words.
The flame tongue hits you!
* * * LOW HITPOINT WARNING * * *
You closely miss patthesweetcat's ghost.
Patthesweetcat's ghost is severely damaged.
Patthesweetcat's ghost screams, "Zot is a myth, the ORB is a fable, you'll soon be a tale!"
Patthesweetcat's ghost hits you.
* * * LOW HITPOINT WARNING * * *
x2 Your plate armour prevents you from hitting patthesweetcat's ghost.
Patthesweetcat's ghost is severely damaged.
Patthesweetcat's ghost hits you.
* * * LOW HITPOINT WARNING * * *
x2 Patthesweetcat's ghost hits you.
You die...

###### ....# #..#
###.####..##########
......W@..))........
########.###########
##...# #####.###.#
#....## #.### #.#..#
... .. ##.## #.#..
.## #...###.# .##
#.# #.##...# #


You could see patthesweetcat's ghost.

Vanquished Creatures
  Grinder (D:3)
  Purgy (D:3)
  An ogre (D:4)
  A quasit (D:3)
  Jessica (D:3)
  8 adders
  7 gnolls (D:3)
  An ooze (D:2)
  2 worms
  A dart slug (D:3)
  4 leopard geckos
  7 orcs
  5 bats
  2 giant cockroaches
  6 goblins
  6 hobgoblins
  6 jackals
  5 kobolds
  A ball python (D:1)
  6 frilled lizards
  7 rats
79 creatures vanquished.

Notes
Turn   | Place    | Note
-------+----------+-------------------------------------------
     0 | D:1      | JarielCorvus the Vampire Gladiator began the quest for the Orb.
     0 | D:1      | Reached XP level 1. HP: 16/16 MP: 1/1
   138 | D:1      | Reached XP level 2. HP: 22/22 MP: 2/2
   645 | D:2      | Reached XP level 3. HP: 26/27 MP: 3/3
  1083 | D:2      | Reached XP level 4. HP: 31/34 MP: 4/4
  1486 | D:3      | Reached skill level 4 in Long Blades
  1606 | D:3      | Reached XP level 5. HP: 38/39 MP: 5/5
  1636 | D:3      | Noticed Jessica
  1648 | D:3      | Killed Jessica
  1648 | D:3      | Reached skill level 1 in Armour
  1825 | D:3      | Noticed Purgy
  1844 | D:3      | Killed Purgy
  1844 | D:3      | Reached XP level 6. HP: 25/47 MP: 6/6
  2211 | D:3      | Noticed Grinder
  2213 | D:3      | Paralysed by Grinder for 2 turns
  2220 | D:3      | Paralysed by Grinder for 3 turns
  2231 | D:3      | Killed Grinder
  2231 | D:3      | Reached skill level 5 in Long Blades
  2231 | D:3      | Reached XP level 7. HP: 38/52 MP: 7/7
  2700 | D:4      | Noticed patthesweetcat's ghost (amateur OpFE)
  2711 | D:4      | Slain by patthesweetcat's ghost

Skill      XL: |  1  2  3  4  5  6  7 |
---------------+----------------------+-----
Fighting       | 2 3 |  3.7
Throwing       | 2 3 |  3.0
Long Blades    | 4 5 |  5.7
Armour         | 1 2 |  2.5
Dodging        | |  3.9
Stealth        | |  0.1

Action                   |  1- 3 |  4- 6 |  7- 9 || total
-------------------------+-------+-------+-------++-------
Melee: Long sword        |   106 |   194 |    49 ||   349
       Bite              |     8 |    25 |     3 ||    36
Throw: Throwing net      |     3 |       |       ||     3
  Use: Scroll            |     2 |     3 |     4 ||     9
       Potion            |     2 |       |       ||     2
  Eat: Corpse            |     8 |     5 |     2 ||    15
Armor: Leather armour    |    10 |       |       ||    10
       Plate armour      |   101 |   301 |    36 ||   438
Dodge: Dodged            |    36 |    70 |    11 ||   117
       Rpst.: Long sword |    14 |    11 |     6 ||    31
